Map: 机械城 - 天梯版

Players

Drager

  • Race: Protoss Protoss
  • League: Diamond

Elazer - Winner!

  • Race: Zerg Zerg

Event: WESG 2018 Grand Finals

VOD

Have the link to the VOD?

Description

Time

  • Played on: March 11, 2019, 5:08 a.m.
  • Length: 3:46

All games in this series

Show
View Real Time Build Order
Export as new Build Order

Drager Protoss 

Build Orders:  

Get SALT Encoding   

  12  0:00  Probe  
  13  0:12  Probe  
  14  0:35  Pylon  
  14  0:53  Gateway  
  14  0:54  Gateway  
  14  0:56  Gateway  
  14  1:09  Gateway  
  14  1:15  Pylon  
  14  1:34  Zealot x2  
  14  1:40  Zealot  
  20  1:56  Zealot  
  20  2:00  Zealot  
  24  2:04  Zealot  
  24  2:05  Zealot  
  28  2:23  Zealot  
  30  2:44  Zealot  
  30  2:47  Zealot  
  30  2:50  Zealot  
  30  2:55  Zealot  
  20  3:11  Zealot  
Show
View Real Time Build Order
Export as new Build Order

Elazer Zerg - Winner!

Build Orders: Pool First 

Get SALT Encoding   

  12  0:00  Drone  
  13  0:12  Overlord  
  13  0:18  Drone  
  14  0:31  Drone x2  
  14  0:35  Drone  
  17  0:45  Extractor  
  17  0:46  Drone  
  17  0:50  Spawning Pool  
  17  0:56  Drone  
  17  1:07  Drone  
  18  1:20  Hatchery  
  18  1:23  Drone  
  18  1:37  Queen  
  18  1:38  Zergling x2  
  21  1:45  Metabolic Boost  
  21  1:52  Overlord  
  21  1:55  Drone  
  22  2:17  Queen  
  22  2:19  Zergling x4  
  26  2:24  Zergling x2  
  26  2:26  Spine Crawler  
  26  2:33  Zergling x4  
  27  2:44  Spine Crawler  
  27  2:50  Zergling x2  
  13  3:13  Zergling x2  
  13  3:15  Zergling x2  
  16  3:27  Zergling x2  
Tags
 
Add a new tag
Caveats
  • Supply blocks, unpowered buildings, or Contaminate may cause inaccurate times.
  • Supply counts are checked every 10 seconds.